 Dungeon Crawl Stone Soup version 0.14-a0-1254-g249fea6 (webtiles) character file.

26 Jenx the Ruinous (level 2, 0/15 HPs)
             Began as a Deep Elf Conjurer on Dec 2, 2013.
             Succumbed to a kobold's poison
             ... on Level 1 of the Dungeon.
             The game lasted 00:02:28 (694 turns).

Jenx the Ruinous (Deep Elf Conjurer)                 Turns: 694, Time: 00:02:28

HP   0/15        AC  3     Str  5      XL: 2   Next: 24%
MP   0/8         EV 13     Int 19      God:
Gold 13          SH  0     Dex 15      Spells:  2 memorised,  4 levels left

rFire  . . .     SeeInvis .     (no weapon)
rCold  . . .     Clarity  .     a - +0 elf robe
rNeg   . . .     Conserve .     (no shield)
rPois  .         rCorr    .     n - +0 helmet
rElec  .         rRot     .     (no cloak)
SustAb . .       Spirit   .     (no gloves)
rMut   .         Warding  .     (no boots)
Saprov . . .     Stasis   .     (no amulet)
                                (no ring)
                                (no ring)

@: mildly poisoned, not resistant to hostile enchantments, fairly stealthy
A: no striking features
a: no special abilities


You were on level 1 of the Dungeon.
You were not hungry.

You visited 1 branch of the dungeon, and saw 1 of its levels.

You collected 13 gold pieces.

Inventory:

Missiles
 r - 3 poisoned darts (quivered)
Armour
 a - a +0 elven robe (worn)
 n - a +0 helmet (worn)
Comestibles
 b - 2 bread rations
 d - a choko
 f - 2 pears
 h - 18 strawberries
 i - an apple
 p - a meat ration
Scrolls
 g - 2 scrolls of identify {unknown}
 m - a scroll of enchant armour {unknown}
 o - a scroll of remove curse {unknown}
Jewellery
 e - an uncursed ring of sustain abilities {unknown}
Potions
 j - a potion of heal wounds {unknown}
 k - a potion of cure mutation {unknown}
 l - a potion of curing {unknown}
 q - a potion of agility {unknown}
Books
 c - a book of Conjurations

   Spells                             Type                      Level
   *Magic Dart                        Conjuration                  1
   *Searing Ray                       Conjuration                  2
   Dazzling Spray                     Conjuration/Hexes            3
   Iskenderun's Mystic Blast          Conjuration                  4
   Iskenderun's Battlesphere          Conjuration/Charms           4
   Fulminant Prism                    Conjuration/Hexes            5


   Skills:
 - Level 2.4 Dodging
 - Level 2.4 Stealth
 + Level 3.1 Spellcasting
 - Level 5.0 Conjurations


You had 4 spell levels left.
You knew the following spells:

 Your Spells              Type           Power        Failure   Level  Hunger
a - Magic Dart            Conj           ###.         1%          1    None
b - Searing Ray           Conj           ###...       3%          2    ##.....


Dungeon Overview and Level Annotations

Branches:
Dungeon (1/16)

Altars:


Message History

Confirm with . or Enter, or press ? or * to list all spells.
Aiming: Magic Dart
Press: ? - help, Shift-Dir - straight line, f/p - hobgoblin
Aim: a hobgoblin, wielding a club and wearing a ring mail (severely wounded)
The magic dart hits the hobgoblin.
The hobgoblin is severely wounded.
The hobgoblin barely misses you.
Casting: Magic Dart
Confirm with . or Enter, or press ? or * to list all spells.
Aiming: Magic Dart
Press: ? - help, Shift-Dir - straight line, f/p - hobgoblin
Aim: a hobgoblin, wielding a club and wearing a ring mail (severely wounded)
The magic dart hits the hobgoblin.
The hobgoblin is almost dead.
* * * LOW HITPOINT WARNING * * *
You feel sick. The hobgoblin completely misses you.
* * * LOW HITPOINT WARNING * * *
You feel sick.
There is an open door here.
You die...

#### ##### #... .... #.##
#.#####+##### #.#
#....#......# ####'##
##....#......# #.....#
#.....#......#####.....(
##...>g'@.....'..........
#......#......#####......
# ##......#......#
#.....# #.
#.......#......# #.....#
...#..#.......##'#####
#.....'
..............##.#
#.....#
?..........#+###.#
#...... ...........#.#
#.### #......
..........#.###...#
#......


You could see a hobgoblin.

Vanquished Creatures
  4 bats (D:1)
  4 hobgoblins (D:1)
  A kobold (D:1)
  A hobgoblin zombie (D:1)
  A rat (D:1)
  A rat zombie (D:1)
12 creatures vanquished.

Notes
Turn   | Place    | Note
--------------------------------------------------------------
     0 | D:1      | Jenx, the Deep Elf Conjurer, began the quest for the Orb.
     0 | D:1      | Reached XP level 1. HP: 10/10 MP: 5/5
   428 | D:1      | Reached XP level 2. HP: 13/15 MP: 4/8
   442 | D:1      | Learned a level 2 spell: Searing Ray
   510 | D:1      | Reached skill level 5 in Conjurations
   694 | D:1      | Succumbed to a kobold's poison

Action                   || total
-------------------------++-------
Melee: Unarmed           ||     1
 Cast: Magic Dart        ||    33
